 Dungeon Crawl Stone Soup version 0.23.1-37-gaa34b87 (webtiles) character file.

Game seed: 11386055968426085626

102 Fang the Skirmisher (level 4, -2/43 HPs)
             Began as a Gargoyle Berserker on Mar 26, 2019.
             Was a Believer of Trog.
             Slain by an orc
             ... wielding a +4 dagger
              (5 damage)
             ... on level 2 of the Dungeon on Mar 27, 2019.
             The game lasted 00:03:18 (1787 turns).

Fang the Skirmisher (Gargoyle Berserker)            Turns: 1787, Time: 00:03:19

Health: -2/43      AC:  5    Str: 27    XL:     4   Next: 77%
Magic:  4/4        EV: 12    Int:  7    God:    Trog [**....]
Gold:   73         SH:  0    Dex:  9    Spells: 3/3 levels left

rFire    . . .     SeeInvis .   a - +0 hand axe
rCold    . . .     Gourm    .   (no shield)
rNeg     + . .     Faith    .   b - +0 animal skin
rPois    ∞         Spirit   .   (no helmet)
rElec    +         Reflect  .   (no cloak)
rCorr    .         Harm     .   (no gloves)
MR       .....                  (no boots)
Stlth    ..........             (no amulet)
HPRegen  0.14/turn              (no ring)
MPRegen  0.09/turn              (no ring)

@: berserking, very quick
A: negative energy resistance 1, electricity resistance, unbreathing,
petrification resistance, rot immunity, AC +3
a: Berserk, Trog's Hand, Renounce Religion


You were on level 2 of the Dungeon.
You worshipped Trog.
Trog was pleased with you.
You were hungry.

You visited 1 branch of the dungeon, and saw 3 of its levels.

You collected 73 gold pieces.

Inventory:

Hand Weapons
 a - a +0 hand axe (weapon)
Armour
 b - a +0 animal skin (worn)
Scrolls
 d - a scroll of fear {unknown}
 f - 5 scrolls of teleportation {unknown}
 g - 2 scrolls of identify {unknown}
 h - 2 scrolls of blinking {unknown}
 k - a scroll of remove curse {unknown}
 l - a scroll of amnesia {unknown}
 m - a scroll of enchant armour {unknown}
 n - a scroll of enchant weapon {unknown}
Potions
 e - a potion of agility {unknown}
 i - 4 potions of curing {unknown}
 o - 2 potions of degeneration {unknown}
Comestibles
 c - 4 rations


   Skills:
 + Level 4.1 Fighting
 + Level 3.3 Axes
 + Level 3.2 Armour
 + Level 2.3 Dodging


You had 3 spell levels left.
You didn't know any spells.
Your spell library was empty.

Dungeon Overview and Level Annotations

Branches:
Dungeon (3/15)

Altars:
Fedhas
Vehumet


Innate Abilities, Weirdness & Mutations

You are resistant to torment.
Your stone body is resilient. (AC +3)
You are immune to poison.
You resist negative energy. (rN+)
You are resistant to electric shocks. (rElec)
You can survive without breathing.
You are immune to petrification.
You are immune to rotting.


Message History

You are too injured to fight recklessly!
You are too injured to fight recklessly!
You are too injured to fight recklessly!
You are too injured to fight recklessly!
You are too injured to fight recklessly!
The orc priest mumbles some strange prayers to Beogh against you.
Beogh smites you!
* * * LOW HITPOINT WARNING * * *
The orc hits you but does no damage. The orc barely misses you.
The orc misses you.
There is a stone staircase leading up here.
The orc hits you but does no damage.
You climb upwards.
There is a stone staircase leading down here.
A red film seems to cover your vision as you go berserk!
You feel yourself moving faster!
You feel mighty!
You are feeling hungry.
The orc hits you with a +4 dagger.
You die...

..(#.##........# ##..##
...#.......#...####..#.#
...#.##....#.÷...#..#..#
...####....#.#...#.#...#
.....##..........##..###
...#.###.###.#)..###_#
...#.# #.....#.((# ###
.....##########o(#
.........###...o@#
....##.......#####
....##.......#
....##.......#
....##.......#
....##......##
....##......#
....##......#
....##......#


You could see 2 orcs.

Vanquished Creatures
  5 adders (D:2)
  2 worms (D:2)
  A dart slug (D:1)
  A leopard gecko (D:1)
  5 giant cockroaches
  3 goblins
  4 hobgoblins (D:1)
  6 jackals
  4 kobolds (D:2)
  A ball python (D:1)
  8 bats
  7 frilled lizards
  4 rats (D:2)
51 creatures vanquished.

Notes
Turn   | Place    | Note
-------+----------+-------------------------------------------
     0 | D:1      | Fang the Gargoyle Berserker began the quest for the Orb.
     0 | D:1      | Reached XP level 1. HP: 14/14 MP: 1/1
   118 | D:1      | Reached XP level 2. HP: 13/19 MP: 2/2
   447 | D:1      | Reached XP level 3. HP: 23/23 MP: 3/3
   482 | D:1      | Reached ** piety under Trog
  1143 | D:2      | Reached XP level 4. HP: 23/29 MP: 4/4
  1384 | D:2      | Reached skill level 4 in Fighting
  1690 | D:2      | Found a blossoming altar of Fedhas.
  1771 | D:3      | Found a radiant altar of Vehumet.
  1779 | D:3      | HP: 1/29 [orc priest/divine providence (11)]
  1787 | D:2      | Slain by an orc

Skill      XL: |  1  2  3  4 |
---------------+-------------+-----
Axes           | 3 |  3.3
Dodging        | 2 |  2.3
Armour         | 3 |  3.2
Fighting       | 4 |  4.1

Action                   |  1- 3 |  4- 6 || total
-------------------------+-------+-------++-------
Melee: Hand axe          |   125 |    56 ||   181
Invok: Berserk           |       |     1 ||     1
  Eat: Chunk             |     1 |     2 ||     3
Armor: Animal skin       |    53 |    23 ||    76
Dodge: Dodged            |   112 |    59 ||   171
